 Dungeon Crawl Stone Soup version 0.28.0-1-gb440e238dd (webtiles) character file.

Game seed: 16957457865554239378

1521 fknight the Cleaver (level 8, -2/70 HPs)
             Began as a Hill Orc Monk on Feb 20, 2022.
             Was a Priest of Beogh.
             Slain by a gnoll (10 damage)
             ... on level 6 of the Dungeon on Feb 21, 2022.
             The game lasted 00:36:06 (7510 turns).

fknight the Cleaver (Hill Orc Monk)                 Turns: 7510, Time: 00:36:08

Health: -2/70      AC: 12    Str: 20    XL:     8   Next: 84%
Magic:  8/8        EV:  9    Int: 10    God:    Beogh [***...]
Gold:   395        SH:  8    Dex: 13    Spells: 7/7 levels left

rFire   . . .      SeeInvis .   e - +1 flail (protect)
rCold   . . .      Faith    .   s - +0 kite shield {AC+3}
rNeg    . . .      Spirit   .   t - +0 scale mail
rPois   .          Reflect  .   f - +0 hat of the Hot Ocelot {+Inv Str+4}
rElec   .          Harm     .   (no cloak)
rCorr   .          Rampage  .   (no gloves)
Will    .....                   (no boots)
Stlth   +.........              (no amulet)
HPRegen 0.21/turn               (no ring)
MPRegen 0.11/turn               (no ring)

@: lethally poisoned (-2 -> -13), unable to read
A: hooves 1, iridescent scales 1, deterioration 1, inability to read while
threatened
a: Renounce Religion, Evoke Invisibility, Smiting


You were on level 6 of the Dungeon.
You worshipped Beogh.
Beogh was most pleased with you.
You visited 2 branches of the dungeon, and saw 7 of its levels.

You collected 395 gold pieces.

Inventory:

Hand Weapons
 a - a +1 hand axe
 e - a +1 flail of protection (weapon)
 h - a +2 dagger of holy wrath
 m - a +0 hunting sling
 u - a +0 vorpal mace
 v - a +2 whip of flaming
 z - a +0 spear
 A - a +0 spear
Missiles
 d - 160 stones
 g - 3 boomerangs (quivered)
 k - 72 arrows
 n - 4 throwing nets
 p - 6 poisoned darts
 r - 14 sling bullets
 x - 5 atropa-tipped darts
Armour
 f - the +0 hat of the Hot Ocelot (worn) {+Inv Str+4}
   (You acquired it on level 2 of the Dungeon)

   Str:       It affects your strength (+4).
   +Inv:      It lets you turn invisible.
 s - a +0 kite shield of protection (worn)
 t - a +0 scale mail (worn)
 B - a +2 robe of resistance
Magical Staves
 q - a staff of fire
Jewellery
 C - a ring of protection from fire
Wands
 j - a wand of iceblast (8)
Scrolls
 c - 6 scrolls of teleportation
 l - a scroll of immolation
 o - a scroll of amnesia
 y - a scroll of holy word
Potions
 b - a potion of might
 i - a potion of haste
 w - a potion of mutation


   Skills:
 + Level 5.8 Fighting
 + Level 8.5 Axes
 + Level 0.5(4.4) Maces & Flails
 + Level 2.3 Throwing
 + Level 5.7 Armour
 + Level 4.1 Dodging
 + Level 2.1 Stealth
 + Level 3.2 Shields


You had 7 spell levels left.
You didn't know any spells.
Your spell library contained the following spells:

 Spells                   Type           Power      Damage    Failure   Level
 Slow                     Hex            0%         N/A       97%         1
 Ensorcelled Hibernation  Hex/Ice        0%         N/A       99%         2
 Confusing Touch          Hex            0%         N/A       100%        3
 Dazzling Flash           Conj/Hex       0%         N/A       100%        3
 Gell's Gravitas          Tloc           0%         N/A       100%        3
 Lesser Beckoning         Tloc           0%         N/A       100%        3
 Spider Form              Tmut/Pois      0%         N/A       100%        3
 Teleport Other           Tloc           0%         N/A       100%        3
 Vampiric Draining        Necr           0%         2d6       100%        3
 Anguish                  Hex/Necr       0%         N/A       100%        4
 Iskenderun's Mystic Bla  Conj/Tloc      0%         2d3       100%        4
 Starburst                Conj/Fire      0%         6d3       100%        6


Dungeon Overview and Level Annotations

Branches:
Dungeon (6/15)             Temple (1/1) D:5

Altars:
Ashenzari
Cheibriados
Elyvilon
Fedhas
Gozag
Hepliaklqana
Kikubaaqudgha
Makhleb
Okawaru
Ru
Trog
Uskayaw
Vehumet
Xom
Zin
The Shining One

Shops:
D:4 *


Innate Abilities, Weirdness & Mutations

You have large cloven feet.
You are partially covered in iridescent scales. (AC +2)
Your body sometimes deteriorates upon taking damage.
You sometimes lose the ability to read scrolls when taking damage.


Message History

You barely miss the gnoll.
The gnoll is almost dead.
You feel extremely sick. The gnoll barely misses you.
The gnoll hits you with a +0 spear. The gnoll hits you with a +0 halberd.
The gnoll hits you but does no damage.
You are more poisoned.
You barely miss the gnoll. You kick the gnoll.
You kill the gnoll!
Beogh accepts your kill.
You feel extremely sick. The gnoll hits you but does no damage.
You block the gnoll's attack.
You feel very sick. You block the gnoll's attack. The gnoll barely misses you.
Items here: ))) [ †††.
You barely miss the gnoll.
You feel very sick. The gnoll barely misses you.
The gnoll hits you with a +2 halberd of venom.
You are more poisoned.
The gnoll hits you with a +0 halberd.
You sock the gnoll!
Your weapon exudes an aura of protection.
You kill the gnoll!
Beogh accepts your kill.
You feel very sick. You block the gnoll's attack.
The gnoll hits you with a +2 halberd of venom.
* * * LOW HITPOINT WARNING * * *
You are lethally poisoned!
You barely miss the gnoll.
* * * LOW HITPOINT WARNING * * *
You feel extremely sick. The gnoll barely misses you.
You closely miss the gnoll. You kick the gnoll.
The gnoll is moderately wounded.
* * * LOW HITPOINT WARNING * * *
You feel very sick.
The gnoll hits you with a +2 halberd of venom!
You feel threatened and lose the ability to read scrolls!
You die...

.... #######. ..... #......
..... #....# ....###....#
...##....### ..
#.##.....@### .. #..###
#.......#)g.### #..
#....##...#######...## ...#
#......## ##...##...#
###..#..######........#
#..##.##..........###
####...#.#..####...#####.
#....#.#.#.####.g.#......
###.#..#.#.#.###....>.#####


You could see a gnoll.

Vanquished Creatures
  Sigmund (D:5)
  Eustachio (D:5)
  2 ice beasts (D:5)
  An ogre (D:6)
  A phantom (D:6)
  A bullfrog zombie (D:5)
  3 hounds
  An orc priest (D:4)
  3 jellies
  A bullfrog skeleton (D:5)
  4 iguanas
  3 orc wizards
  14 gnolls
  4 river rats (D:4)
  5 adders
  3 white imps
  2 ufetubi
  2 worms (D:2)
  2 dart slugs (D:1)
  12 orcs
  9 ball pythons
  7 endoplasms
  2 giant cockroaches
  8 goblins
  9 hobgoblins
  9 jackals
  2 kobolds
  2 quokkas
  A ball python zombie (D:3)
  6 bats
  4 frilled lizards
  9 rats
134 creatures vanquished.

Vanquished Creatures (collateral kills)
  An orc priest (D:6)
  An orc wizard (D:6)
  2 orcs (D:6)
4 creatures vanquished.

Vanquished Creatures (others)
  An iguana (D:4)
  An orc (D:4)
  A giant cockroach (D:4)
  A goblin (D:4)
  A hobgoblin (D:4)
  A ball python (D:4)
6 creatures vanquished.

Grand Total: 144 creatures vanquished

Notes
Turn   | Place    | Note
-------+----------+-------------------------------------------
     0 | D:1      | fknight the Hill Orc Monk began the quest for the Orb.
     0 | D:1      | Reached XP level 1. HP: 19/19 MP: 1/1
   258 | D:1      | Reached XP level 2. HP: 15/27 MP: 2/2
   715 | D:1      | Reached skill level 5 in Axes
   725 | D:1      | Reached XP level 3. HP: 28/33 MP: 3/3
   837 | D:1      | Found a faded altar of an unknown god.
  2070 | D:2      | Reached XP level 4. HP: 38/40 MP: 4/4
  2086 | D:2      | Gained mutation: You are partially covered in iridescent
                  | scales. (AC +2) [potion of mutation]
  2086 | D:2      | Gained mutation: You sometimes lose the ability to read
                  | scrolls when taking damage. [potion of mutation]
  2086 | D:2      | Gained mutation: Your body sometimes deteriorates upon
                  | taking damage. [potion of mutation]
  2086 | D:2      | Gained mutation: You have large cloven feet. [potion of
                  | mutation]
  2147 | D:2      | Identified a scroll of acquirement
  2147 | D:2      | Acquired the +0 hat of the Hot Ocelot {+Inv Str+4}
  2890 | D:3      | Found a glowing golden altar of the Shining One.
  2907 | D:3      | Found a blossoming altar of Fedhas.
  3429 | D:4      | Reached skill level 1 in Armour
  3429 | D:4      | Reached XP level 5. HP: 29/46 MP: 5/5
  3598 | D:4      | Became a worshipper of Beogh the Brigand
  3598 | D:4      | Reached * piety under Beogh
  3598 | D:4      | Reached ** piety under Beogh
  3632 | D:4      | Reached skill level 6 in Axes
  3770 | D:4      | Reached skill level 1 in Throwing
  3770 | D:4      | Reached XP level 6. HP: 28/53 MP: 6/6
  3887 | D:4      | Found Ampiohuum's Neck Hole.
  4443 | D:4      | Acquired a +0 kite shield of protection
  5239 | D:5      | Entered Level 5 of the Dungeon
  5239 | D:5      | Noticed an ice beast
  5252 | D:5      | Killed an ice beast
  5253 | D:5      | Reached skill level 1 in Shields
  5253 | D:5      | Reached XP level 7. HP: 44/60 MP: 7/7
  5348 | D:5      | Noticed Sigmund
  5368 | D:5      | Killed Sigmund
  5369 | D:5      | Reached skill level 7 in Axes
  5981 | D:5      | Noticed Eustachio
  6024 | D:5      | Killed Eustachio
  6025 | D:5      | Reached XP level 8. HP: 39/67 MP: 8/8
  6030 | D:5      | Reached skill level 5 in Fighting
  6322 | D:5      | Found a staircase to the Ecumenical Temple.
  6364 | Temple   | Entered the Ecumenical Temple
  6698 | D:5      | Reached skill level 8 in Axes
  6776 | D:5      | Reached skill level 5 in Armour
  7435 | D:6      | Reached *** piety under Beogh
  7510 | D:6      | Slain by a gnoll

Illustrated notes

Levels and vault maps discovered:
D:1:      minmay_arrival_glassed_features, layout_loops_cross,
          hellmonk_ecumenical_altar_crossroads, minmay_heptomino_d4
D:2:      layout_basic
D:3:      layout_loops_corners, mainiacjoe_overflow_large_starburst,
          minmay_joined_circles
D:4:      layout_cave_pools, lightli_sewer_entry_pipes,
          nicolae_shop_sticking_my_neck_out
D:5:      layout_loops_ring, minmay_temple_entry_junction_2,
          grunt_decor_mini_mirrors, uniq_eustachio, uniq_sigmund
D:6:      layout_rooms, kennysheep_another_room
Temple:   eino_temple_lava

Skill      XL: |  1  2  3  4  5  6  7  8 |
---------------+-------------------------+-----
Axes           | 5 6 7 8 |  8.5
Fighting       | 4 5 |  5.8
Stealth        | 2 |  2.1
Dodging        | 3 4 |  4.1
Armour         | 1 2 3 4 5 |  5.7
Throwing       | 1 2 |  2.3
Shields        | 1 2 3 |  3.2
Maces & Flails | |  0.5

Action                   |  1- 3 |  4- 6 |  7- 9 || total
-------------------------+-------+-------+-------++-------
Melee: Hand axe          |   136 |   219 |   162 ||   517
       Punch             |     1 |       |       ||     1
       Kick              |       |    42 |    56 ||    98
       Flail             |       |       |    26 ||    26
Throw: Stone             |     7 |       |       ||     7
       Boomerang         |    10 |    24 |    30 ||    64
Invok: Convert to Beogh  |       |     1 |       ||     1
  Use: Potion            |     5 |     2 |     2 ||     9
       Scroll            |     4 |     6 |     5 ||    15
 Stab: Sleeping          |     1 |       |       ||     1
Armor: Robe              |    19 |       |       ||    19
       Ring mail         |    10 |    68 |     4 ||    82
       Scale mail        |       |       |    70 ||    70
Dodge: Dodged            |    79 |   111 |    71 ||   261
Block: Kite shield       |       |    22 |    75 ||    97
